SAA
SALEM MISFITS @ ATLANTIC CITY SONICS
06/14/2030
 
TOP OF THE 1ST
Salem Misfits batting - Pitching for Atlantic City Sonics : RHP Norberto Concepción
Pitching: RHP Norberto Concepción
Batting: RHB César Ramos 0-0: Called Strike
0-1: Foul Ball, location: 2F
0-2: Strikes out swinging
Batting: RHB Robinson Barquero 0-0: Ball
1-0: Ball
2-0: Called Strike
2-1: Foul Ball, location: 2F
2-2: Ground out 4-3 (Groundball, 4MD)
Batting: LHB José Cuervo 0-0: Swinging Strike
0-1: Ground out U3 (Groundball, 3)
Top of the 1st over - 0 runs, 0 hits, 0 errors, 0 left on base; Salem 0 - Atlantic City 0
BOTTOM OF THE 1ST
Atlantic City Sonics batting - Pitching for Salem Misfits : RHP Stefan Famintsyn
Pitching: RHP Stefan Famintsyn
Batting: LHB Juan Ledezma 0-0: Ball
1-0: Called Strike
1-1: Ground out 6-3 (Groundball, 6M)
Batting: RHB José Rodríguez 0-0: Ball
1-0: Ball
2-0: Foul Ball, location: 2F
2-1: Foul Ball, location: 2F
2-2: Ball
3-2: Base on Balls
Batting: RHB Eddie Sachs 0-0: Ball
1-0: Ball
2-0: Ball
3-0: Base on Balls
José Rodríguez to second
Batting: LHB Kelvin Abbott 0-0: Ball
1-0: Ball
2-0: Ball
3-0: Base on Balls
José Rodríguez to third
Eddie Sachs to second
Batting: RHB Alejandro Sánchez 0-0: Ball
1-0: Grounds into double play, 5-4-3 (Groundball, 56)
Bottom of the 1st over - 0 runs, 0 hits, 0 errors, 2 left on base; Salem 0 - Atlantic City 0
TOP OF THE 2ND
Salem Misfits batting - Pitching for Atlantic City Sonics : RHP Norberto Concepción
Batting: LHB Donatas Montiejunas 0-0: Ball
1-0: Ground out 6-3 (Groundball, 6M)
Batting: RHB Jorge Gómez 0-0: Swinging Strike
0-1: Ball
1-1: Foul Ball, location: 2F
1-2: Ball
2-2: Strikes out looking
Batting: RHB Jason Ward 0-0: Ball
1-0: Swinging Strike
1-1: Called Strike
1-2: Strikes out swinging
Top of the 2nd over - 0 runs, 0 hits, 0 errors, 0 left on base; Salem 0 - Atlantic City 0
BOTTOM OF THE 2ND
Atlantic City Sonics batting - Pitching for Salem Misfits : RHP Stefan Famintsyn
Batting: LHB José Pacheco 0-0: Called Strike
0-1: Ball
1-1: Ball
2-1: Ball
3-1: Base on Balls
Batting: RHB Jeff Quesenberry 0-0: Grounds into double play, 6-4-3 (Groundball, 6)
Batting: RHB Randy Sheffield 0-0: Ball
1-0: Ball
2-0: SINGLE (Groundball, 6MD)
Batting: RHB Malcolm Campbell 0-0: Single, Error in OF, E8, batter to second base
Randy Sheffield to third
Batting: LHB Juan Ledezma 0-0: Ball
1-0: Called Strike
1-1: Foul Ball, location: 2F
1-2: Strikes out looking
Bottom of the 2nd over - 0 runs, 2 hits, 1 error, 2 left on base; Salem 0 - Atlantic City 0
TOP OF THE 3RD
Salem Misfits batting - Pitching for Atlantic City Sonics : RHP Norberto Concepción
Batting: RHB Vicente Andros 0-0: Foul Ball, location: 2F
0-1: Swinging Strike
0-2: Foul Ball, location: 2F
0-2: Ball
1-2: Foul Ball, location: 2F
1-2: Ball
2-2: Strikes out swinging
Batting: RHB Paul O'Neill 0-0: Ball
1-0: Ball
2-0: Ball
3-0: Base on Balls
Batting: RHB Octávio Pineda 0-0: Called Strike
0-1: Ball
1-1: Foul Ball, location: 2F
1-2: Ball
2-2: Ball
3-2: Foul Ball, location: 2F
3-2: Base on Balls
Paul O'Neill to second
Batting: RHB César Ramos 0-0: Ball
1-0: Ball
2-0: Ball
3-0: Called Strike
3-1: Base on Balls
Paul O'Neill to third
Octávio Pineda to second
Batting: RHB Robinson Barquero 0-0: Ball
1-0: SINGLE (Flyball, 89S)
Paul O'Neill scores
Octávio Pineda to third
César Ramos to second
Runner from 3rd tries for Home, SAFE, throw made home
Batting: LHB José Cuervo 0-0: Ball
1-0: Ball
César Ramos is caught stealing 3rd base
2-0: Ball
Robinson Barquero steals 2nd base
3-0: Called Strike
3-1: Base on Balls
Batting: LHB Donatas Montiejunas 0-0: Foul Ball, location: 2F
0-1: Called Strike
0-2: Ball
1-2: Ball
2-2: Foul Ball, location: 2F
2-2: Ball
3-2: Ground out 5-3 (Groundball, 56)
Top of the 3rd over - 2 runs, 1 hit, 0 errors, 2 left on base; Salem 2 - Atlantic City 0
BOTTOM OF THE 3RD
Atlantic City Sonics batting - Pitching for Salem Misfits : RHP Stefan Famintsyn
Batting: RHB José Rodríguez 0-0: Ball
1-0: Foul Ball, location: 2F
1-1: Swinging Strike
1-2: Ball
2-2: Ball
3-2: Foul Ball, location: 2F
3-2: Fly out, F9 (Flyball, 9LS)
Batting: RHB Eddie Sachs 0-0: Ball
1-0: Ground out 6-3 (Groundball, 6)
Batting: LHB Kelvin Abbott 0-0: Called Strike
0-1: Ball
1-1: Called Strike
1-2: Fly out, F7 (Flyball, 78S)
Bottom of the 3rd over - 0 runs, 0 hits, 0 errors, 0 left on base; Salem 2 - Atlantic City 0
TOP OF THE 4TH
Salem Misfits batting - Pitching for Atlantic City Sonics : RHP Norberto Concepción
Batting: RHB Jorge Gómez 0-0: Foul Ball, location: 2F
0-1: Ground out 4-3 (Groundball, 4M)
Batting: RHB Jason Ward 0-0: Called Strike
0-1: Fly out, F4 (Line Drive, 4M)
Batting: RHB Vicente Andros 0-0: Foul Ball, location: 2F
0-1: Called Strike
0-2: Strikes out swinging
Top of the 4th over - 0 runs, 0 hits, 0 errors, 0 left on base; Salem 2 - Atlantic City 0
BOTTOM OF THE 4TH
Atlantic City Sonics batting - Pitching for Salem Misfits : RHP Stefan Famintsyn
Batting: RHB Alejandro Sánchez 0-0: SINGLE (Groundball, 6MD)
Batting: LHB José Pacheco 0-0: Called Strike
0-1: Swinging Strike
0-2: Ball
1-2: Ball
2-2: SINGLE (Groundball, 34D)
Alejandro Sánchez to second
Runner from 2nd tries for 3rd, OUT!
Batting: RHB Jeff Quesenberry 0-0: Grounds into double play, 6-4-3 (Groundball, 6)
Bottom of the 4th over - 0 runs, 2 hits, 0 errors, 0 left on base; Salem 2 - Atlantic City 0
TOP OF THE 5TH
Salem Misfits batting - Pitching for Atlantic City Sonics : RHP Norberto Concepción
Batting: RHB Paul O'Neill 0-0: Ground out 6-3 (Groundball, 6S)
Batting: RHB Octávio Pineda 0-0: Called Strike
0-1: Ball
1-1: Ball
2-1: Foul Ball, location: 2F
2-2: Strikes out looking
Batting: RHB César Ramos 0-0: Foul Ball, location: 2F
0-1: Ball
1-1: Foul Ball, location: 2F
1-2: Ball
2-2: Foul Ball, location: 2F
2-2: Ball
3-2: Foul Ball, location: 2F
3-2: Ground out 6-3 (Groundball, 6)
Top of the 5th over - 0 runs, 0 hits, 0 errors, 0 left on base; Salem 2 - Atlantic City 0
BOTTOM OF THE 5TH
Atlantic City Sonics batting - Pitching for Salem Misfits : RHP Stefan Famintsyn
Batting: RHB Randy Sheffield 0-0: Ball
1-0: Ball
2-0: Ball
3-0: Called Strike
3-1: Base on Balls
Batting: RHB Malcolm Campbell 0-0: Called Strike
0-1: Foul Ball, location: 2F
0-2: Fly out, F9 (Flyball, 9LSF)
Batting: LHB Juan Ledezma 0-0: Swinging Strike
0-1: Ball
1-1: Ball
2-1: Called Strike
2-2: Ball
3-2: Foul Ball, location: 2F
3-2: Base on Balls
Randy Sheffield to second
Batting: RHB José Rodríguez 0-0: Foul Ball, location: 2F
0-1: Swinging Strike
0-2: Strikes out swinging
Batting: RHB Eddie Sachs 0-0: Foul Ball, location: 2F
0-1: Ball
1-1: Foul Ball, location: 2F
1-2: Strikes out looking
Bottom of the 5th over - 0 runs, 0 hits, 0 errors, 2 left on base; Salem 2 - Atlantic City 0
TOP OF THE 6TH
Salem Misfits batting - Pitching for Atlantic City Sonics : RHP Norberto Concepción
Batting: RHB Robinson Barquero 0-0: Ground out 6-3 (Groundball, 6)
Batting: LHB José Cuervo 0-0: Ground out 4-3 (Groundball, 4D)
Batting: LHB Donatas Montiejunas 0-0: Foul Ball, location: 2F
0-1: Called Strike
0-2: Ball
1-2: Foul Ball, location: 2F
1-2: Fly out, F3 (Line Drive, 3S)
Top of the 6th over - 0 runs, 0 hits, 0 errors, 0 left on base; Salem 2 - Atlantic City 0
BOTTOM OF THE 6TH
Atlantic City Sonics batting - Pitching for Salem Misfits : RHP Stefan Famintsyn
Batting: LHB Kelvin Abbott 0-0: Foul Ball, location: 2F
0-1: Fly out, F4 (Line Drive, 4)
Batting: RHB Alejandro Sánchez 0-0: Ball
1-0: Ball
2-0: Foul Ball, location: 2F
2-1: Swinging Strike
2-2: Ground out U3 (Groundball, 34)
Batting: LHB José Pacheco 0-0: Ball
1-0: Called Strike
1-1: Swinging Strike
1-2: Ball
2-2: Foul Ball, location: 2F
2-2: Foul Ball, location: 2F
2-2: Strikes out looking
Bottom of the 6th over - 0 runs, 0 hits, 0 errors, 0 left on base; Salem 2 - Atlantic City 0
TOP OF THE 7TH
Salem Misfits batting - Pitching for Atlantic City Sonics : RHP Norberto Concepción
Batting: RHB Jorge Gómez 0-0: Ball
1-0: Swinging Strike
1-1: Swinging Strike
1-2: DOUBLE (Line Drive, 89D)
Batting: RHB Jason Ward 0-0: Called Strike
0-1: Ball
1-1: Fly out, F7 (Flyball, 78XD)
Runner from 2nd tags up, SAFE at 3rd, no throw
Batting: RHB Vicente Andros 0-0: Intentional Walk
Pinch Hitting: LHB Rodrigo Gómez 0-0: Swinging Strike
0-1: Ball
1-1: Swinging Strike
1-2: Foul Ball, location: 2F
1-2: Ball
2-2: Foul Ball, location: 2F
2-2: Ball
3-2: Strikes out swinging
Batting: RHB Octávio Pineda 0-0: Called Strike
0-1: Foul Ball, location: 2F
0-2: Strikes out swinging
Top of the 7th over - 0 runs, 1 hit, 0 errors, 2 left on base; Salem 2 - Atlantic City 0
BOTTOM OF THE 7TH
Atlantic City Sonics batting - Pitching for Salem Misfits : RHP Stefan Famintsyn
Now in LF: Tyler Knopp
Batting: RHB Jeff Quesenberry 0-0: Called Strike
0-1: Ground out 6-3 (Groundball, 56D)
Batting: RHB Randy Sheffield 0-0: Swinging Strike
0-1: Ball
1-1: Ball
2-1: Ball
3-1: Ground out U3 (Groundball, 3S)
Batting: RHB Malcolm Campbell 0-0: Fly out, F6 (Popup, 6MD)
Bottom of the 7th over - 0 runs, 0 hits, 0 errors, 0 left on base; Salem 2 - Atlantic City 0
TOP OF THE 8TH
Salem Misfits batting - Pitching for Atlantic City Sonics : RHP Norberto Concepción
Batting: RHB César Ramos 0-0: Swinging Strike
0-1: Ball
1-1: Foul Ball, location: 2F
1-2: Foul Ball, location: 2F
1-2: Ball
2-2: Foul Ball, location: 2F
2-2: Ground out 6-3 (Groundball, 6S)
Pitching: LHP Doppo Omikado
Batting: RHB Robinson Barquero 0-0: Called Strike
0-1: Ball
1-1: Swinging Strike
1-2: Strikes out swinging
Batting: LHB José Cuervo 0-0: Foul Ball, location: 2F
0-1: Swinging Strike
0-2: Ball
1-2: Ball
2-2: Ball
3-2: Fly out, F8 (Flyball, 8RD)
Top of the 8th over - 0 runs, 0 hits, 0 errors, 0 left on base; Salem 2 - Atlantic City 0
BOTTOM OF THE 8TH
Atlantic City Sonics batting - Pitching for Salem Misfits : RHP Stefan Famintsyn
Batting: LHB Juan Ledezma 0-0: DOUBLE (Line Drive, 89D)
Batting: RHB José Rodríguez 0-0: Ball
1-0: Called Strike
1-1: Called Strike
1-2: Ball
2-2: Ground out 4-3 (Groundball, 4S)
Juan Ledezma to third
Batting: RHB Eddie Sachs 0-0: Called Strike
0-1: Ball
1-1: Ball
2-1: Foul Ball, location: 2F
2-2: Ball
3-2: Foul Ball, location: 2F
3-2: SINGLE (Line Drive, 56D)
Juan Ledezma scores
Batting: LHB Kelvin Abbott 0-0: Fly out, F9 (Flyball, 9LSF)
Batting: RHB Alejandro Sánchez 0-0: Swinging Strike
0-1: Swinging Strike
0-2: Ball
1-2: Ball
2-2: Ball
3-2: Base on Balls
Eddie Sachs to second
Pitching: RHP Justin Furneaux
Batting: LHB José Pacheco 0-0: Called Strike
0-1: Ball
1-1: Ball
2-1: Ball
3-1: Base on Balls
Eddie Sachs to third
Alejandro Sánchez to second
Batting: RHB Jeff Quesenberry 0-0: Ground out 6-3 (Groundball, 6M)
Bottom of the 8th over - 1 run, 2 hits, 0 errors, 3 left on base; Salem 2 - Atlantic City 1
TOP OF THE 9TH
Salem Misfits batting - Pitching for Atlantic City Sonics : LHP Doppo Omikado
Batting: LHB Donatas Montiejunas 0-0: Called Strike
0-1: Called Strike
0-2: Strikes out swinging
Batting: RHB Jorge Gómez 0-0: Swinging Strike
0-1: Ball
1-1: Foul Ball, location: 2F
1-2: Ball
2-2: Strikes out swinging
Batting: RHB Jason Ward 0-0: Called Strike
0-1: Ball
1-1: Foul Ball, location: 2F
1-2: Ball
2-2: SINGLE (Line Drive, 78S)
Batting: RHB Vicente Andros 0-0: Ball
1-0: Called Strike
1-1: Ground out 3-1 (Groundball, 34S)
Top of the 9th over - 0 runs, 1 hit, 0 errors, 1 left on base; Salem 2 - Atlantic City 1
BOTTOM OF THE 9TH
Atlantic City Sonics batting - Pitching for Salem Misfits : RHP Justin Furneaux
Pitching: LHP León Vallejo
Batting: RHB Randy Sheffield 0-0: Foul Ball, location: 2F
0-1: Ball
1-1: Ball
2-1: Ball
3-1: Called Strike
3-2: Base on Balls
Batting: RHB Malcolm Campbell 0-0: Foul Ball, location: 2F
0-1: Ground out 4-3 (Groundball, 34S)
Randy Sheffield to second
Pinch Hitting: RHB Dam Son 0-0: Called Strike
0-1: Ball
1-1: Called Strike
1-2: Foul Ball, location: 2F
1-2: Ball
2-2: Foul Ball, location: 2F
2-2: Strikes out swinging
Batting: RHB José Rodríguez 0-0: Foul Ball, location: 2F
0-1: Foul Ball, location: 2F
0-2: Ball
1-2: Ground out 5-3 (Groundball, 25)
Bottom of the 9th over - 0 runs, 0 hits, 0 errors, 1 left on base; Salem 2 - Atlantic City 1
Sunday, March 18th, 2018 - OOTP Baseball 18.8 Build 76